 Dungeon Sprint DCSS version 0.23.1 (webtiles) character file.

Game seed: 15803211570867790159

0 Fang the Skirmisher (level 1, -7/14 HPs)
             Began as a Gargoyle Berserker on Mar 19, 2019.
             Was a Follower of Trog.
             Mangled by a green ugly thing (8 damage)
             ... in the Dungeon (Sprint V: "Ziggurat Sprint").
             The game lasted 00:01:20 (98 turns).

Fang the Skirmisher (Gargoyle Berserker)              Turns: 98, Time: 00:01:20

Health: -7/14      AC: 28    Str: 32    XL:     1   Next: 0%
Magic:  1/1        EV:  8    Int:  7    God:    Trog [*.....]
Gold:   0          SH:  0    Dex:  9    Spells: 0/0 levels left

rFire    . . .     SeeInvis .   v - +5 executioner's axe
rCold    . . .     Gourm    .   (shield currently unavailable)
rNeg     + . .     Faith    .   u - +15 Maxwell's patent armour {-Cast -Tele rElec MR+ rCorr}
rPois    ∞         Spirit   .   (no helmet)
rElec    +         Reflect  .   (no cloak)
rCorr    +         Harm     .   (no gloves)
MR       +....     NoTele   +   (no boots) Stlth ..........NoCast +
                                (no amulet)
HPRegen  0.04/turn              B - +6 ring of strength
MPRegen  0.07/turn              A - +6 ring of strength

@: berserk cooldown, slowed, very slow
A: negative energy resistance 1, electricity resistance, unbreathing,
petrification resistance, rot immunity, AC +2
a: Berserk, Renounce Religion


You were in the Dungeon.
You worshipped Trog.
Trog was aware of your devotion.
You were not hungry.

You visited 1 branch

Inventory:

Hand Weapons
 v - a +5 executioner's axe (weapon)
Armour
 u - the +15 Maxwell's patent armour (worn) {-Cast -Tele rElec MR+ rCorr}
   (You found it in the Dungeon)

   It insulates you from electricity.
   It affects your resistance to hostile enchantments.
   It prevents spellcasting.
   It prevents most forms of teleportation.
   It provides partial protection from all sources of acid and corrosion.
Jewellery
 A - a +6 ring of strength (right hand)
 B - a +6 ring of strength (left hand)
Wands
 C - a wand of disintegration (7)
 D - a wand of iceblast (7)
 E - a wand of acid (7)
Scrolls
 i - 4 scrolls of blinking
 p - 7 scrolls of fog
 q - a scroll of holy word
 r - 5 scrolls of identify
 s - 5 scrolls of remove curse
 t - 2 scrolls of fear
Potions
 d - 10 potions of curing
 e - 9 potions of heal wounds
 f - 6 potions of haste
 g - 7 potions of magic
 h - 3 potions of berserk rage
 j - 2 potions of brilliance
 k - 2 potions of invisibility
 l - 4 potions of resistance
 m - a potion of experience
 n - 5 potions of agility
 o - 5 potions of might
Comestibles
 c - 7 rations


   Skills:
 + Level 3.2 Fighting
 + Level 2.6 Axes
 + Level 2.1 Armour
 + Level 1.5 Dodging


You couldn't memorise any spells.
You didn't know any spells.
Your spell library was empty.

Dungeon Overview and Level Annotations

Branches:
Dungeon (1/1)

Altars:
Ashenzari
Cheibriados
Dithmenos
Elyvilon
Fedhas
Gozag
Hepliaklqana
Kikubaaqudgha
Makhleb
Nemelex Xobeh
Okawaru
Qazlal
Ru
Sif Muna
Trog
Uskayaw
Vehumet
Wu Jian
Xom
Yredelemnul
Zin
The Shining One
Beogh
Jiyva
Lugonu

Annotations:
D 1 transporter


Innate Abilities, Weirdness & Mutations

You are resistant to torment.
Your stone body is resilient. (AC +2)
You are immune to poison.
You resist negative energy. (rN+)
You are resistant to electric shocks. (rElec)
You can survive without breathing.
You are immune to petrification.
You are immune to rotting.


Message History

Your Maxwell's patent armour prevents you from hitting the purple ugly thing.
The purple ugly thing is lightly wounded.
You slash the purple ugly thing!
The purple ugly thing gores you but does no damage.
The purple ugly thing trunk-slaps you.
* * * LOW HITPOINT WARNING * * *
The purple ugly thing gores you but does no damage.
The purple ugly thing basks in the mutagenic energy from its kin and changes!
The purple ugly thing gores you but does no damage.
You hit the green ugly thing.
The green ugly thing is lightly wounded.
You hit the purple ugly thing but do no damage.
The purple ugly thing barely misses you.
The green ugly thing tail-slaps you but does no damage.
The purple ugly thing gores you but does no damage.
The green ugly thing tail-slaps you but does no damage.
The purple ugly thing completely misses you.
The green ugly thing tail-slaps you!
Ouch! That really hurt!
You die...

▓▓▓▓▓▓▓
▓.8©8.▓
▓.....▓
▓.?.[.▓
▓..u..▓
▓..u@.▓
▓..©..▓
▓▓▓▓▓▓▓


You could see 2 ugly things.

Vanquished Creatures (others)
  A spatial maelstrom (D)
1 creature vanquished.

Notes
Turn   | Place    | Note
-------+----------+-------------------------------------------
     0 | D        | Found the +6 Majin-Bo {vamp, Archmagi MP+6 Int+6}
     0 | D        | Found the +7 great mace "Firestarter" {inner flame, rF++}
     0 | D        | Fang the Gargoyle Berserker began the quest for the Orb.
     0 | D        | Reached XP level 1. HP: 14/14 MP: 1/1
     0 | D        | Found a deep blue altar of Sif Muna.
     0 | D        | Found a sacrificial altar of Ru.
     0 | D        | Found a bloodstained altar of Trog.
     0 | D        | Found a stormy altar of Qazlal.
     0 | D        | Found an iron altar of Okawaru.
     0 | D        | Found a sparkling altar of Nemelex Xobeh.
     0 | D        | Found a blossoming altar of Fedhas.
     2 | D        | Found a transporter.
     2 | D        | Found an ancient bone altar of Kikubaaqudgha.
     2 | D        | Found a viscous altar of Jiyva.
     2 | D        | Found a corrupted altar of Lugonu.
     2 | D        | Found a hazy altar of Hepliaklqana.
     2 | D        | Found a burning altar of Makhleb.
     2 | D        | Found an opulent altar of Gozag.
    13 | D        | Found the +9 heavy crossbow "Sniper" {velocity, Acc+∞ SInv}
    13 | D        | Found the +10 dark maul {crush}
    13 | D        | Found the +15 Maxwell's patent armour {-Cast -Tele rElec
                  | MR+ rCorr}
    13 | D        | Found the +18 shield of the Gong {rElec rN+ MR+ EV-5}
    13 | D        | Found the cursed +14 obsidian axe {chop, +Fly SInv *Curse}
    23 | D        | Banished a spatial maelstrom
    57 | D        | Found the +6 shillelagh "Devastator" {shatter}
    57 | D        | Found the +11 plutonium sword {*Contam Stlth-}
    57 | D        | Found the +8 lance "Wyrmbane" {slay drac, rPois rF+ rC+
                  | AC+3}
    57 | D        | Found the +9 sword of Zonguldrok {reap}
    57 | D        | Found the cursed +13 scythe of Curses {drain, *Curse}
    57 | D        | Found the +0 sword of Power
    57 | D        | Found the +7 mace of Variability {chain chaos}
    57 | D        | Found the +7 Singing Sword {slice, sonic wave}
    57 | D        | Found the +7 longbow "Piercer" {penet, EV-2}
    84 | D        | Entered arena 2.
    84 | D        | Noticed a purple ugly thing
    84 | D        | Noticed a white ugly thing
    84 | D        | Found a transporter.
    98 | D        | Mangled by a green ugly thing

Action                   || total
-------------------------++-------
Melee: Executioner's axe ||    10
Invok: Berserk           ||     1
  Use: Potion            ||     1
Armor: Plate armour      ||    17
Dodge: Dodged            ||    11
